 Dungeon Crawl Stone Soup version 0.31-a0-507-gbafd7f5274 (webtiles) character file.

Game seed: 5690636652776674659

771 jlumianski the Magician (level 8, -4/58 HPs)
             Began as a Djinni Fire Elementalist on Aug 10, 2023.
             Slain by an ogre
             ... wielding a +0 giant spiked club
              (27 damage)
             ... on level 4 of the Dungeon.
             The game lasted 00:21:28 (2744 turns).

jlumianski the Magician (Djinni Fire Elementalist)  Turns: 2744, Time: 00:21:28

Health: -4/58      AC:  7    Str:  7    XL:     8   Next: 9%
Gold:   101        EV: 13    Int: 18    God:
                   SH:  0    Dex: 15

rFire   + + .        e - +0 dagger
rCold   x . .        (no shield)
rNeg    . . .        a - +0 robe
rPois   ∞            (no helmet)
rElec   .            h - +2 cloak {Will+}
rCorr   .            l - +1 pair of gloves
SInv    .            (boots unavailable)
Will    +....        (no amulet)
Stlth   ++           (no ring)
HPRegen 0.29/turn    (no ring)
MPRegen 0.00/turn

%: infuse magic (-5 HP)
@: flying
A: sickness immunity, fire resistance 2, cold vulnerability 1, float, innate
caster, HP casting, extra vitality 1
a: no special abilities


You were on level 4 of the Dungeon.
You visited 1 branch of the dungeon, and saw 4 of its levels.
You also visited: Ossuary.

You collected 179 gold pieces.
You spent 78 gold pieces at shops.

Inventory:

Hand Weapons
 e - a +0 dagger (weapon)
Missiles
 j - 6 poisoned darts (quivered)
Armour
 a - a +0 robe (worn)
 d - a +0 leather armour
 h - a +2 cloak of willpower (worn)
 l - a +1 pair of gloves (worn)
Scrolls
 b - 2 scrolls of immolation
 c - 2 scrolls of teleportation
 g - a scroll of noise
 k - a scroll of fog
 q - a scroll of fear
Potions
 f - 2 potions of invisibility
 i - 3 potions of mutation
 m - a potion of attraction
 o - a potion of resistance
 p - a potion of brilliance


   Skills:
 * Level 4.0 Fighting
 * Level 3.6 Short Blades
 + Level 0.2 Throwing
 + Level 3.4 Dodging
 + Level 3.1 Stealth
 * Level 4.2 Spellcasting
 * Level 4.2 Conjurations
 * Level 4.2 Hexes
 * Level 4.2 Summonings
 * Level 4.2 Necromancy
 * Level 4.2 Translocations
 * Level 4.2 Transmutations
 * Level 4.2 Fire Magic
 * Level 4.2 Ice Magic
 * Level 4.2 Air Magic
 * Level 4.2 Earth Magic
 * Level 4.2 Poison Magic


You knew the following spells:

 Your Spells              Type           Power      Damage    Failure   Level
a - Foxfire               Conj/Fire      76%        2x1d7     2%          1
b - Scorch                Fire           38%        2d6       3%          2
c - Volatile Blastmotes   Fire/Tloc      38%        2d13      8%          3
d - Inner Flame           Hex/Fire       19%        N/A       8%          3
e - Flame Wave            Conj/Fire      19%        2d7       24%         4
f - Necrotise             Necr           76%        1d7       2%          1
g - Blink                 Tloc           38%        N/A       3%          2
h - Gell's Gravitas       Tloc           19%        N/A       8%          3
Your spell library was empty.

Dungeon Overview and Level Annotations

Branches:
Dungeon (4/15)            Ossuary (visited)
 Temple: D:4-7

Altars:

Shops:
D:2 =   D:4 ?*


Innate Abilities, Weirdness & Mutations

You are immune to sickness and miasma.
You are immune to poison.
Your flesh is very heat resistant. (rF++)
You are vulnerable to cold. (rC-)
You float through the air rather than walking.
You learn spells naturally, not from books.
Your magical power is your life essence.
You have superior vitality. (+4 MHP)


Message History

You now have 77 gold pieces (gained 10).
You now have 92 gold pieces (gained 15).
There is an open door here.
There is an open door here.
Casting: Foxfire (safe; 2% risk of failure)
Confirm with . or Enter, or press ? or * to list all spells.
A cloud of volatile blastmotes flares up around you!
You reach down and open the door.
There is an open door here.
There is a gate leading back out of this place here.
Welcome back to the Dungeon!
There is a collapsed entrance here.
There is an open door here.
i - 3 potions of mutation (gained 1)
Found a stone staircase leading down.
You now have 101 gold pieces (gained 9).
Found a scroll labelled NOQ GIT OMI.
An ogre comes into view. It is wielding a +0 giant spiked club.
Found a ring mail.
The ogre shouts!
Casting: Volatile Blastmotes (dangerous; 8% risk of failure)
Confirm with . or Enter, or press ? or * to list all spells.
A cloud of volatile blastmotes flares up around you!
The ogre hits you with a +0 giant spiked club!!
The cloud of blastmotes explodes!
The concussive blast engulfs the ogre!
The ogre is moderately wounded.
The concussive blast engulfs you. You resist.
You are knocked back by the blast.
You hear a bark!
You hear a shout!
Found a leather armour.
Casting: Volatile Blastmotes (dangerous; 8% risk of failure)
Confirm with . or Enter, or press ? or * to list all spells.
Flames lash the ogre.
The ogre is heavily wounded.
The ogre's fire resistance burns away.
Casting: Scorch (safe; 3% risk of failure)
Confirm with . or Enter, or press ? or * to list all spells.
You conjure some foxfire!
The ogre hits you with a +0 giant spiked club!!
You die...

.##.#.#.# ##..#.#.# #.
...... #...'.#.# . .....
##..#.#.####. ....
.##.#...(.##.. ...# ..
..###.....##..###...##..
...##......#............
....#......#....vv....[.
......###.##.# #@.>.#
.....####.##.###O...##
...### #.............#
...# #.............#
...# #.............#
...# ##....##......#
...# #....##......+ ....
#.....+.......# ....
#.....#.[....?#


You could see an ogre (combustible, ally target).

Vanquished Creatures
  Sigmund (D:3)
  5 elf zombies (Ossuary)
  A centaur zombie (Ossuary)
  Jessica (D:2)
  3 mummies
  4 hound zombies (Ossuary)
  3 gnolls
  An adder (D:2)
  2 adder zombies (Ossuary)
  A worm (D:2)
  3 dart slugs
  3 ball pythons
  5 endoplasms
  A giant cockroach (D:4)
  8 goblins
  3 hobgoblins
  7 kobolds
  A quokka (D:1)
  4 bats
  3 frilled lizards
  3 goblin zombies (Ossuary)
  3 hobgoblin zombies (Ossuary)
  3 kobold zombies (Ossuary)
  2 orc zombies (Ossuary)
  6 quokka zombies (Ossuary)
  4 rats
  3 rat zombies (Ossuary)
84 creatures vanquished.

Vanquished Creatures (others)
  153 foxfires
153 creatures vanquished.

Grand Total: 237 creatures vanquished

Notes
Turn   | Place    | Note
-------+----------+-------------------------------------------
     0 | D:1      | jlumianski the Djinni Fire Elementalist began the quest for
                  | the Orb.
     0 | D:1      | jlumianski set off with the following spells memorised:
                  | Foxfire, Scorch, Volatile Blastmotes, Inner Flame, Flame
                  | Wave.
     0 | D:1      | Reached XP level 1. HP: 15/15 MP: 0/0
   186 | D:1      | Reached XP level 2. HP: 9/21 MP: 0/0
   456 | D:1      | Reached XP level 3. HP: 23/26 MP: 0/0
   456 | D:1      | Learned a level 1 spell: Necrotise
   634 | D:1      | Found a faded altar of an unknown god.
   682 | D:2      | Found Sutuem's Jewellery Shoppe.
   915 | D:2      | Reached skill level 1 in Fighting
   957 | D:2      | Reached XP level 4. HP: 31/32 MP: 0/0
   986 | D:2      | Noticed Jessica
  1040 | D:2      | Noticed Sigmund
  1111 | D:2      | Reached skill level 1 in Short Blades
  1239 | D:3      | Killed Sigmund
  1240 | D:3      | Reached XP level 5. HP: 30/39 MP: 0/0
  1240 | D:3      | Learned a level 2 spell: Blink
  1240 | D:3      | Reached XP level 6. HP: 34/44 MP: 0/0
  1256 | D:2      | Killed Jessica
  1719 | D:4      | Found Zikygoda's Assorted Antiques.
  1725 | D:4      | Found Igrush's Magic Scroll Shop.
  1736 | D:4      | Bought a scroll of identify for 26 gold pieces
  1736 | D:4      | Bought a scroll of identify for 26 gold pieces
  1736 | D:4      | Bought a scroll of identify for 26 gold pieces
  1814 | D:4      | Found a sand-covered staircase.
  1825 | Ossuary  | Entered an ossuary
  1927 | Ossuary  | Reached XP level 7. HP: 33/49 MP: 0/0
  1927 | Ossuary  | Learned a level 3 spell: Gell's Gravitas
  2431 | Ossuary  | Reached XP level 8. HP: 11/58 MP: 0/0
  2744 | D:4      | Slain by an ogre

Illustrated notes

Levels and vault maps discovered:
D:1:      grunt_arrival_lava_bath, layout_loops_ring,
          hellmonk_ecumenical_altar_pennies_from_heaven, minivault_14
D:2:      layout_rooms, serial_shops, nicolae_shop_gaudy_bauble, uniq_jessica,
          uniq_sigmund
D:3:      minmay_goblin_kobold_castle, layout_basic,
          lemuel_zombie_altar_kikubaaqudgha, mainiacjoe_overflow_big_doors,
          ebering_ghost_sewer_d, minmay_circle_x
D:4:      layout_gridville, gup_ossuary_entry_pyramid, nicolae_wooded_promenade

Skill      XL: |  1  2  3  4  5  6  7  8 |
---------------+-------------------------+-----
Spellcasting   | 4 |  4.2
Conjurations   | 4 |  4.2
Hexes          | 4 |  4.2
Summonings     | 4 |  4.2
Necromancy     | 4 |  4.2
Translocations | 4 |  4.2
Transmutations | 4 |  4.2
Fire Magic     | 4 |  4.2
Ice Magic      | 4 |  4.2
Air Magic      | 4 |  4.2
Earth Magic    | 4 |  4.2
Poison Magic   | 4 |  4.2
Stealth        | 2 3 |  3.1
Fighting       | 1 2 3 4 |  4.0
Dodging        | 3 |  3.4
Short Blades   | 2 3 |  3.6
Throwing       | |  0.2

Action                     |  1- 3 |  4- 6 |  7- 9 || total
---------------------------+-------+-------+-------++-------
  Melee: Dagger            |    22 |    29 |    35 ||    86
  Throw: Dart              |       |     3 |       ||     3
   Cast: Foxfire           |    28 |    36 |    26 ||    90
         Necrotise         |     2 |     2 |       ||     4
         Scorch            |       |    13 |    14 ||    27
         Volatile Blastmot |       |     2 |    13 ||    15
         Gell's Gravitas   |       |       |     1 ||     1
    Use: Potion            |     1 |       |       ||     1
         Scroll            |     3 |     5 |     3 ||    11
   Stab: Sleeping          |     5 |     3 |       ||     8
 Armour: Robe              |    13 |    16 |    18 ||    47
  Dodge: Dodged            |    18 |    43 |    46 ||   107

Table legend: (Time is in decaauts)
 A = Elapsed time spent in this place.
 B = Non-inter-level travel time spent in this place.
 C = Inter-level travel time spent in this place.
 D = Time resting spent in this place.
 E = Time spent auto-exploring this place.
 F = Levels seen in this place.
 G = Mean time per level.
                   A        B        C        D        E       F      G
               +--------+--------+--------+--------+--------+-----+--------+
         Total |   2742 |   2701 |     41 |    342 |    940 |   5 |  548.4 |
       Dungeon |   1856 |   1815 |     41 |     73 |    907 |   4 |  464.0 |
       Ossuary |    886 |    886 |      0 |    269 |     33 |   1 |  886.0 |
               +--------+--------+--------+--------+--------+-----+--------+

Top non-repeatable levels by time:
 Ossuary: 886 daAuts
     D:1: 791 daAuts
     D:2: 674 daAuts
     D:4: 200 daAuts
     D:3: 190 daAuts
